 Dungeon Crawl Stone Soup version 0.31-a0-1469-gd420192249 (webtiles) character file.

Game seed: 1894728151884831237

89 dialectric the Sneak (level 4, 0/30 HPs)
             Began as an Octopode Brigand on Dec 29, 2023.
             Slain by a sleepcap (8 damage)
             ... on level 3 of the Dungeon.
             The game lasted 00:01:36 (1578 turns).

dialectric the Sneak (Octopode Brigand)             Turns: 1578, Time: 00:01:36

Health: 0/30       AC:  1    Str: 12    XL:     4   Next: 55%
Magic:  4/4        EV: 13    Int: 13    God:
Gold:   48         SH:  0    Dex: 13    Spells: 2/3 levels left

rFire   . . .        a - +2 dagger
rCold   . . .        (no shield)
rNeg    + . .        (helmet restricted)
rPois   .            (no amulet)
rElec   .            g - ring of positive energy
rCorr   .            (no ring)
SInv    .            (no ring)
Will    .....        (no ring)
Stlth   ++++         (no ring)
HPRegen 0.25/turn    (no ring)
MPRegen 0.09/turn    (no ring)
                     (no ring)

%: no passive effects
@: no status effects
A: almost no armour, amphibious, 8 rings, camouflage 1, gelatinous body 1,
(nimble swimmer 1), tentacles
a: no special abilities


You were on level 3 of the Dungeon.
You visited 1 branch of the dungeon, and saw 3 of its levels.

You collected 48 gold pieces.

Inventory:

Hand Weapons
 a - a +2 dagger (weapon)
Missiles
 b - 9 poisoned darts (quivered)
 c - 3 curare-tipped darts
Jewellery
 g - a ring of positive energy (left tentacle)
Scrolls
 d - a scroll of fog {unknown}
 e - a scroll of teleportation {unknown}
 h - a scroll of poison {unknown}
 i - a scroll of enchant weapon {unknown}
 k - 3 scrolls of identify {unknown}
 l - a scroll of brand weapon {unknown}
Potions
 f - a potion of enlightenment {unknown}
 j - a potion of resistance {unknown}


   Skills:
 + Level 2.6 Fighting
 + Level 2.6 Short Blades
 + Level 2.6 Throwing
 * Level 2.1 Dodging
 + Level 5.9 Stealth


You had 2 spell levels left.
You knew the following spells:

 Your Spells              Type           Power      Damage    Failure   Level
a - Magic Dart            Conj           0%         1d3       30%         1

Your spell library contained the following spells:

 Spells                   Type           Power      Damage    Failure   Level
 Blink                    Tloc           0%         N/A       43%         2
 Call Imp                 Summ           0%         N/A       43%         2


Dungeon Overview and Level Annotations

Branches:
Dungeon (3/15)

Altars:


Innate Abilities, Weirdness & Mutations

You cannot wear most types of armour.
You are amphibious.
You can wear up to eight rings at the same time.
Your skin changes colour to match your surroundings (Stealth+).
Your rubbery body absorbs attacks. (AC +1, EV +1)
((You are camouflaged when in or above water. (Stealth+)))
You have tentacles for arms and can constrict up to eight enemies at once.


Message History

A sleepcap is nearby!
Found a stone staircase leading down.
You see here an orb of guile.
You hit the sleepcap but do no damage. You grab the sleepcap.
You squeeze the sleepcap.
The sleepcap is lightly damaged.
You constrict the sleepcap, but do no damage.
The sleepcap barely misses you.
You hit the sleepcap.
The sleepcap is moderately damaged.
You constrict the sleepcap, but do no damage.
The sleepcap releases spores at you.
You hit the sleepcap.
You squeeze the sleepcap, but do no damage.
The sleepcap is moderately damaged.
You constrict the sleepcap. The sleepcap releases spores at you!
You hit the sleepcap.
The sleepcap is moderately damaged.
You constrict the sleepcap, but do no damage.
You hit the sleepcap.
The sleepcap is moderately damaged.
You constrict the sleepcap. The sleepcap closely misses you.
You hit the sleepcap but do no damage.
The sleepcap is heavily damaged.
You constrict the sleepcap, but do no damage.
The sleepcap barely misses you.
You hit the sleepcap but do no damage.
The sleepcap is heavily damaged.
You constrict the sleepcap. The sleepcap releases spores at you.
You are engulfed in a cloud of soporific spores!
You fall asleep.
You lose your grip on the sleepcap.
The sleepcap releases spores at you!
You wake up.
* * * LOW HITPOINT WARNING * * *
You are too injured to fight recklessly!
You hit the sleepcap. You grab the sleepcap.
You squeeze the sleepcap, but do no damage.
The sleepcap is severely damaged.
You constrict the sleepcap. The sleepcap releases spores at you!
You die...

#J...<..............#.#
#.......†.###........##
#..####.### #.......###
#. #.# #.........# #
... #.......#.# #..#
#.......#.# ...#
#...[...# # ##.#
####.#### #@# #f# #.#
#.# #.# #.. #.# #>#


You could see a sleepcap.

Vanquished Creatures
  2 adders
  3 worms (D:2)
  A dart slug (D:1)
  An orc (D:3)
  9 ball pythons
  5 bats
  5 endoplasms
  2 giant cockroaches
  5 hobgoblins
  8 jackals
  4 kobolds
  2 frilled lizards
  5 goblins
  2 rats (D:1)
54 creatures vanquished.

Notes
Turn   | Place    | Note
-------+----------+-------------------------------------------
     0 | D:1      | dialectric the Octopode Brigand began the quest for the
                  | Orb.
     0 | D:1      | Reached XP level 1. HP: 14/14 MP: 1/1
    61 | D:1      | Reached XP level 2. HP: 13/19 MP: 2/2
   143 | D:1      | Reached XP level 3. HP: 16/24 MP: 3/3
   644 | D:2      | Learned a level 1 spell: Magic Dart
   742 | D:2      | Reached XP level 4. HP: 21/30 MP: 4/4
  1578 | D:3      | Slain by a sleepcap

Illustrated notes

Levels and vault maps discovered:
D:1:      lemuel_arrival_cross, layout_rooms, dreamdust_princess_corridor,
          minmay_shallow_snake_nest
D:2:      layout_basic, grunt_ministairs_6
D:3:      layout_loops_ring

Skill      XL: |  1  2  3  4 |
---------------+-------------+-----
Dodging        | 2 |  2.1
Fighting       | |  2.6
Short Blades   | |  2.6
Throwing       | |  2.6
Stealth        | |  5.9

Action                     |  1- 3 |  4- 6 || total
---------------------------+-------+-------++-------
  Melee: Dagger            |    76 |    32 ||   108
         Tentacles         |    15 |     8 ||    23
         Constrict         |    16 |     6 ||    22
   Stab: Sleeping          |     6 |     6 ||    12
 Armour: Skin              |    38 |    11 ||    49
  Dodge: Dodged            |    58 |     9 ||    67

Table legend: (Time is in decaauts)
 A = Elapsed time spent in this place.
 B = Non-inter-level travel time spent in this place.
 C = Inter-level travel time spent in this place.
 D = Time resting spent in this place.
 E = Time spent auto-exploring this place.
 F = Levels seen in this place.
 G = Mean time per level.
                   A        B        C        D        E       F      G
               +--------+--------+--------+--------+--------+-----+--------+
         Total |   1565 |   1528 |     37 |      0 |   1219 |   3 |  521.7 |
       Dungeon |   1565 |   1528 |     37 |      0 |   1219 |   3 |  521.7 |
               +--------+--------+--------+--------+--------+-----+--------+

Top non-repeatable levels by time:
     D:2: 974 daAuts
     D:1: 531 daAuts
     D:3: 59 daAuts
